 Dungeon Sprint DCSS version 0.29-a0-1027-gcd8c55af63 (webtiles) character file.

Game seed: 12365994795896965434

42581 ragingrage the Executioner (level 13, -12/106 HPs)
             Began as a Formicid Monk on Aug 13, 2022.
             Was a High Priest of Ru.
             Killed from afar by a hell hog (15 damage)
             ... with a fireball
             ... in the Dungeon (Sprint V: "Ziggurat Sprint").
             The game lasted 00:06:20 (1802 turns).

ragingrage the Executioner (Formicid Monk)          Turns: 1802, Time: 00:06:20

Health: -12/106    AC: 19    Str: 20    XL:     13   Next: 56%
Magic:  0/13       EV: 17    Int: 11    God:    Ru [*****.]
Gold:   0          SH: 39    Dex: 20    Spells: 12/12 levels left

rFire   . . .      SeeInvis +   z - +14 obsidian axe {vorpal, Mesm Drain Fly SInv}
rCold   + . .      Faith    .   B - +18 shield of the Gong {rElec rN+ Will+ EV-5}
rNeg    + . .      Spirit   +   A - +15 Maxwell's patent armour {-Cast -Tele rElec Will+ rCorr}
rPois   .          Reflect  .   (helmet unavailable)
rElec   +          Harm     .   (no cloak)
rCorr   +          Rampage  .   (no gloves)
Will    +++..      NoCast   +   (no boots)
Stlth   ..........              G - brooch of Shielding {Spirit SH+8}
HPRegen 0.27/turn               J - ring of the Hare {EV+8}
MPRegen 0.13/turn               H - ring of Yjigyhik {rC+ EV+4 Dex+4}

@: weakened, flying, mesmerised, studying Throwing, unable to read
A: permanent stasis, dig shafts and tunnels, antennae 3, inability to read while
threatened 2, no fire magic, no necromancy magic, no transmutations magic,
reduced AC 1, unskilled 1, inexperienced 1, four strong arms, deformed body,
wild magic 1
a: Dig, Renounce Religion, Draw Out Power, Power Leap, Apocalypse


You were in the Dungeon.
You worshipped Ru.
Ru was extremely pleased with you.
You visited 1 branch

Inventory:

Hand Weapons
 s - a +3 triple crossbow of freezing
 y - the +9 heavy crossbow "Sniper" {vorpal, Acc+∞ SInv}
   (You found it in the Dungeon)

   Any ammunition fired from it inflicts extra damage upon your enemies.
   Any ammunition fired from it never misses its target.
   SInv:      It lets you see invisible.
 z - the +14 obsidian axe (weapon) {vorpal, Mesm Drain Fly SInv}
   (You found it in the Dungeon)

   It inflicts extra damage upon your enemies.
   It occasionally summons demons to assist the wielder when it strikes in
   combat.
   Its wielder is mesmerised by any visible foes.
   It cannot be unequipped while any foes are visible.
   SInv:      It lets you see invisible.
   Fly:       It grants you flight.
   Drain:     It drains your maximum health when unequipped.
 C - the +8 lance "Wyrmbane" {slay drac, rPois rF+ rC+ AC+3}
   (You found it in the Dungeon)

   It inflicts extra damage against dragons and draconians.
   AC:        It affects your AC (+3).
   rF:        It protects you from fire.
   rC:        It protects you from cold.
   rPois:     It protects you from poison.
Armour
 A - the +15 Maxwell's patent armour (worn) {-Cast -Tele rElec Will+ rCorr}
   (You found it in the Dungeon)

   rElec:     It insulates you from electricity.
   -Cast:     It prevents spellcasting.
   -Tele:     It prevents most forms of teleportation.
   rCorr:     It protects you from acid and corrosion.
   Will:      It increases your willpower.
 B - the +18 shield of the Gong (worn) {rElec rN+ Will+ EV-5}
   (You found it in the Dungeon)

   It is deafeningly noisy when blocking attacks.
   EV:        It affects your evasion (-5).
   rElec:     It insulates you from electricity.
   rN:        It protects you from negative energy.
   Will:      It increases your willpower.
 D - +9 gold dragon scales
Jewellery
 h - a ring of resist corrosion
 q - a ring of flight
 u - the amulet of Porurr {Acrobat Harm SInv}
   (You found it in the Dungeon)

   [amulet of the acrobat]

   It increases your evasion while moving and waiting.
   SInv:      It lets you see invisible.
   Harm:      It increases damage dealt and taken.
 v - a +6 ring of strength
 G - the brooch of Shielding (around neck) {Spirit SH+8}
   (You found it in the Dungeon)

   [amulet of guardian spirit]

   It causes incoming damage to be divided between your reserves of health and
   magic.
   SH:        It affects your SH (+8).
 H - the ring of Yjigyhik (right hand) {rC+ EV+4 Dex+4}
   (You found it in the Dungeon)

   [ring of evasion]

   EV:        It affects your evasion (+4).
   Dex:       It affects your dexterity (+4).
   rC:        It protects you from cold.
 J - the ring of the Hare (left hand) {EV+8}
   (You found it in the Dungeon)

   [ring of evasion]

   EV:        It affects your evasion (+8).
Wands
 n - a wand of mindburst (7)
 o - a wand of iceblast (7)
 p - a wand of quicksilver (7)
Scrolls
 j - 4 scrolls of amnesia
 k - 6 scrolls of fog
 l - 5 scrolls of identify
 m - 2 scrolls of fear
 E - a scroll of brand weapon
Potions
 a - 2 potions of brilliance
 b - 2 potions of invisibility
 c - a potion of ambrosia
 d - 7 potions of curing
 e - 15 potions of heal wounds
 f - 7 potions of magic
 g - 2 potions of resistance
 i - 5 potions of might
Miscellaneous
 r - a phial of floods
 t - a condenser vane
 w - a tin of tremorstones (2/2)
 x - a lightning rod (4/4)
 F - a box of beasts
 I - a phantom mirror


   Skills:
 + Level 11.4 Fighting
 - Level 25.1 Axes
 + Level 10.2 Armour
 + Level 9.7 Dodging
 - Level 5.4 Stealth
 + Level 12.0 Shields
 + Level 10.2 Evocations


You had 12 spell levels left.
You didn't know any spells.
Your spell library contained the following spells:

 Spells                   Type           Power      Damage    Failure   Level
 Apportation              Tloc           0%         N/A       100%        1
 Magic Dart               Conj           0%         1d3       100%        1
 Shock                    Conj/Air       0%         1d3       100%        1
 Ensorcelled Hibernation  Hex/Ice        0%         N/A       100%        2
 Searing Ray              Conj           0%         2d4       100%        2
 Static Discharge         Conj/Air       0%         3-3/arc   100%        2
 Mephitic Cloud           Conj/Pois/Air  0%         N/A       100%        3
 Ozocubu's Armour         Ice            0%         N/A       100%        3
 Airstrike                Air            0%         2d(0-16)  100%        4
 Fulminant Prism          Conj/Hex       0%         3d6       100%        4
 Iskenderun's Mystic Bla  Conj/Tloc      0%         2d3       100%        4
 Leda's Liquefaction      Hex/Erth       0%         N/A       100%        4
 Passage of Golubria      Tloc           0%         N/A       100%        4
 Freezing Cloud           Conj/Ice/Air   0%         6-21      100%        5
 Lee's Rapid Deconstruct  Erth           0%         3d5*      100%        5
 Conjure Ball Lightning   Conj/Air       0%         3x3d6     100%        6
 Dispersal                Tloc           0%         N/A       100%        6
 Orb of Destruction       Conj           0%         9d5       100%        7
 Ozocubu's Refrigeration  Ice            0%         4d7       100%        7
 Disjunction              Tloc           0%         N/A       100%        8
 Chain Lightning          Conj/Air       0%         N/A       100%        9
 Polar Vortex             Ice            0%         N/A       100%        9
 Necrotise                Necr           Unusable   1d4       N/A         1
 Passwall                 Tmut/Erth      Unusable   N/A       N/A         2
 Scorch                   Fire           Unusable   2d5       N/A         2
 Swiftness                Air            Unusable   N/A       N/A         3
 Simulacrum               Ice/Necr       Unusable   N/A       N/A         6
 Statue Form              Tmut/Erth      Unusable   N/A       N/A         6
 Necromutation            Tmut/Necr      Unusable   N/A       N/A         8

Dungeon Overview and Level Annotations

Branches:
Dungeon (1/1)

Altars:
Ashenzari
Cheibriados
Dithmenos
Elyvilon
Fedhas
Gozag
Hepliaklqana
Kikubaaqudgha
Makhleb
Nemelex Xobeh
Okawaru
Qazlal
Ru
Sif Muna
Trog
Uskayaw
Vehumet
Wu Jian
Xom
Yredelemnul
Zin
The Shining One
Jiyva
Lugonu


Innate Abilities, Weirdness & Mutations

You cannot be hasted, slowed, berserked, paralysed or teleported.
You can dig through walls and to a lower floor.
You have a pair of large antennae on your head. (SInv)
You sometimes lose the ability to read scrolls when taking damage.
You cannot study or cast Fire magic.
You cannot study or cast Necromancy magic.
You cannot study or cast Transmutations magic.
You take slightly more damage. (AC -5)
You are somewhat unskilled. (-1 Apt)
You are somewhat inexperienced. (-1 XL)
Your four strong arms can wield two-handed weapons with a shield.
Armour fits poorly on your strangely shaped body.
Your spells are a little harder to cast, but a little more powerful.


Message History

A hell hog and 2 balrugs come into view.
A balrug is wielding a +2 demon whip of venom and wearing the ring of Timu {rC+ Will+ Int+3}.
Found seven items.
The hell hog squeals angrily. x2; The balrug shouts!
The tormentor roars!
The hell hog begins to attack, but is stunned by your conviction!
The tormentor begins to attack, but is stunned by your conviction!
The fire giant begins to cast a spell, but is stunned by your conviction!
The tormentor calls on the powers of darkness!
The salamander tyrant convulses! x3; The fire giant convulses!
The salamander tyrant convulses!
The fire giant convulses!
Your body is wracked with pain!
You feel threatened and lose the ability to read scrolls!
The salamander tyrant rends the earth beneath you!
The blast of magma engulfs you!
* * * LOW HITPOINT WARNING * * *
The salamander tyrant calls gouts of flame from the lava!
The flame surge hits you!!
* * * LOW HITPOINT WARNING * * *
You redirect the salamander tyrant's attack!
The salamander tyrant rends the earth beneath you!
The blast of magma engulfs the searing wretch!
The searing wretch partially resists.
The blast of magma engulfs the salamander tyrant!!
The salamander tyrant partially resists.
The salamander tyrant dies!
The blast of magma engulfs the searing wretch!!
The searing wretch partially resists.
The blast of magma engulfs the tormentor!!
The tormentor partially resists.
You redirect the hell hog's attack!
The hell hog breathes fire at itself.
The fireball explodes!
The fireball engulfs the hell hog.
The hell hog completely resists.
The fireball engulfs the salamander tyrant.
The salamander tyrant completely resists.
The fireball engulfs the searing wretch.
The searing wretch completely resists.
The hell hog breathes fire at you.
The fireball explodes!
The fireball engulfs you!
You die...

▓...[[)[):
▓..2|)).))}|..▓.........
▓..)[22hNN=2..▓.....†...
▓..h2n≈.hCNn..▓.........
▓....n.C...h..▓....)))..
▓...≈≈≈.......▓..▓.†.).▓
▓.............▓.▓▓▓...▓▓
▓......≈≈.....▓..▓.....▓
▓..≈@...▓ ▓.....©... ▓
▓▓.≈≈≈.▓▓ ▓▓▓▓▓▓▓▓▓▓
▓..▓.......▓..▓....8©8..
▓.............▓..)).[|[)
▓......©......▓...}}).=.
▓▓▓▓▓▓▓▓▓▓▓▓▓▓▓.........
▓.........


{{{{{{{{{{{ ▓....))).. {{{{{{{{{ ▓......).. You could see 3 searing wretches, 2
fire giants, 2 balrugs, 3 salamander tyrants, 4 hell hogs and 3 tormentors.

Vanquished Creatures
  A lich (D)
  2 frost giants (D)
  3 vampire knights (D)
  A deep elf annihilator (D)
  2 blizzard demons (D)
  2 fire dragons (D)
  A hydra (D)
  A boulder beetle (D)
  3 naga warriors (D)
  A dancing weapon (D)
  A pharaoh ant (D)
  A skeletal warrior (D)
  2 death drakes (D)
  3 steelbarb worms (D)
  2 necromancers (D)
  A swamp dragon (D)
  2 deep elf zephyrmancers (D)
  2 wolf spiders (D)
  A shining eye (D)
  An ugly thing (D)
  A black mamba (D)
  A naga mage (D)
  3 freezing wraiths (D)
  A rime drake (D)
  A hornet (shapeshifter) (D)
  A meliai (shapeshifter) (D)
  2 polar bears (D)
  A tarantella (D)
  A jumping spider (D)
  A culicivora (D)
  2 steam dragons (D)
  A neqoxec (D)
  2 nagas (D)
  6 water moccasins (D)
  An orc warrior (D)
  An ice beast (D)
  A black bear (shapeshifter) (D)
  2 wolves (D)
  A tengu (shapeshifter) (D)
  A scorpion (D)
  2 wights (D)
  4 orc priests (D)
  5 adders (D)
  3 white imps (D)
  An adder skeleton (D)
  2 adder simulacra (D)
  An orc (D)
  3 ball pythons (D)
  3 bat skeletons (D)
  A bat zombie (D)
  A ball python zombie (D)
  A jackal skeleton (D)
91 creatures vanquished.

Vanquished Creatures (collateral kills)
  A lich (D)
  An emperor scorpion (D)
  A fire dragon (D)
  2 hydras (D)
  A vampire mage (D)
  A skeletal warrior (D)
  A death drake (D)
  A swamp dragon (D)
  A vampire (D)
  A ynoxinul (D)
  A shadow (D)
  2 nagas (D)
  3 redbacks (D)
  A water moccasin (D)
  A necrophage (D)
  4 scorpions (D)
  3 wights (D)
  A quasit (D)
  2 orc priests (D)
  An orc wizard (D)
  2 adders (D)
  An ufetubus (D)
  A ball python (D)
  A bat skeleton (D)
35 creatures vanquished.

Vanquished Creatures (others)
  A fire dragon (D)
  A salamander tyrant (D)
  An adder skeleton (D)
  A ball python (D)
4 creatures vanquished.

Grand Total: 130 creatures vanquished

Notes
Turn   | Place    | Note
-------+----------+-------------------------------------------
     0 | D        | ragingrage the Formicid Monk began the quest for the Orb.
     0 | D        | Reached XP level 1. HP: 18/18 MP: 1/1
     7 | D        | Found a shimmering blue altar of Sif Muna.
     7 | D        | Found a bloodstained altar of Trog.
     7 | D        | Found a sacrificial altar of Ru.
     7 | D        | Found a stormy altar of Qazlal.
     7 | D        | Found an iron altar of Okawaru.
     8 | D        | Found a sparkling altar of Nemelex Xobeh.
     8 | D        | Found a blossoming altar of Fedhas.
     8 | D        | Found the +6 Majin-Bo {vamp, MP+6 Int+6}
     8 | D        | Found the +9 heavy crossbow "Sniper" {vorpal, Acc+∞ SInv}
     8 | D        | Found the +10 dark maul {vorpal}
     8 | D        | Found the +15 Maxwell's patent armour {-Cast -Tele rElec
                  | Will+ rCorr}
     8 | D        | Found the +18 shield of the Gong {rElec rN+ Will+ EV-5}
     8 | D        | Found the +14 obsidian axe {vorpal, Mesm Drain Fly SInv}
     8 | D        | Found the +7 great mace "Firestarter" {inner flame, rF++}
     8 | D        | Found the +6 shillelagh "Devastator" {shatter}
     8 | D        | Found the +11 plutonium sword {Contam Stlth-}
     8 | D        | Found the +8 lance "Wyrmbane" {slay drac, rPois rF+ rC+
                  | AC+3}
     8 | D        | Found the +9 sword of Zonguldrok {reap}
     8 | D        | Found the +13 scythe of Curses {drain, Drain}
     8 | D        | Found the +5 sword of Power {vorpal}
     8 | D        | Found the +7 mace of Variability {chain chaos}
     8 | D        | Found the +7 Singing Sword {vorpal, sonic wave}
     8 | D        | Found the +8 storm bow {elec, penet}
    10 | D        | Found a transporter.
    10 | D        | Found an ancient bone altar of Kikubaaqudgha.
    10 | D        | Found a viscous altar of Jiyva.
    10 | D        | Found a corrupted altar of Lugonu.
    10 | D        | Found a hazy altar of Hepliaklqana.
    10 | D        | Found a burning altar of Makhleb.
    10 | D        | Found an opulent altar of Gozag.
    77 | D        | Became a worshipper of Ru the Awakened
    87 | D        | Gained mutation: You occasionally lose the ability to read
                  | scrolls when taking damage. [Ru sacrifice]
    87 | D        | Gained mutation: You sometimes lose the ability to read
                  | scrolls when taking damage. [Ru sacrifice]
    87 | D        | Reached * piety under Ru
    93 | D        | Entered arena 2.
    93 | D        | Noticed a wolf
    93 | D        | Noticed a wolf
    93 | D        | Found a transporter.
    95 | D        | Killed a wolf
    96 | D        | Reached skill level 5 in Fighting
    96 | D        | Reached skill level 5 in Axes
    96 | D        | Reached XP level 2. HP: 28/28 MP: 2/2
    96 | D        | Reached XP level 3. HP: 34/34 MP: 3/3
    96 | D        | Reached XP level 4. HP: 40/40 MP: 4/4
    97 | D        | Killed a wolf
    98 | D        | Reached skill level 8 in Axes
    98 | D        | Reached XP level 5. HP: 46/46 MP: 5/5
   106 | D        | Entered arena 3.
   106 | D        | Found a transporter.
   109 | D        | Reached skill level 9 in Axes
   109 | D        | Reached XP level 6. HP: 41/52 MP: 6/6
   110 | D        | Reached skill level 10 in Axes
   122 | D        | Entered arena 4.
   122 | D        | Found the brooch of Shielding {Spirit SH+8}
   122 | D        | Noticed a ynoxinul
   122 | D        | Found a transporter.
   128 | D        | Killed a ynoxinul
   129 | D        | Reached skill level 12 in Axes
   129 | D        | Reached XP level 7. HP: 49/57 MP: 7/7
   151 | D        | Entered arena 5.
   151 | D        | Noticed a deep elf zephyrmancer
   151 | D        | Noticed a deep elf annihilator
   151 | D        | Noticed a +1 glaive of protection
   151 | D        | Noticed a deep elf zephyrmancer
   151 | D        | Found a transporter.
   157 | D        | Killed a deep elf annihilator
   157 | D        | Killed a deep elf zephyrmancer
   158 | D        | Reached skill level 17 in Axes
   158 | D        | Reached XP level 8. HP: 27/64 MP: 2/8
   158 | D        | Reached XP level 9. HP: 29/69 MP: 2/9
   158 | D        | Killed a deep elf zephyrmancer
   159 | D        | Reached skill level 18 in Axes
   159 | D        | Killed a +1 glaive of protection
   160 | D        | Reached skill level 19 in Axes
   333 | D        | Entered arena 6.
   333 | D        | Found a transporter.
   346 | D        | Entered arena 7.
   347 | D        | Found a transporter.
   351 | D        | Reached skill level 20 in Axes
   354 | D        | Reached XP level 10. HP: 50/76 MP: 7/10
   365 | D        | Got the Tome of Geometric Battle Magic
   367 | D        | Gained mutation: You are somewhat inexperienced. (-1 XL)
                  | [Ru sacrifice]
   367 | D        | Reached XP level 9. HP: 52/69 MP: 8/9
   367 | D        | Reached ** piety under Ru
   445 | D        | Entered arena 8.
   446 | D        | Found a transporter.
   461 | D        | Entered arena 9.
   461 | D        | Noticed a shining eye
   461 | D        | Noticed a cane toad
   461 | D        | Noticed a green ugly thing
   462 | D        | Found a transporter.
   467 | D        | a cane toad changed into a shapeshifter
   469 | D        | Gained mutation: Your spells are a little harder to cast,
                  | but a little more powerful. [a shining eye]
   470 | D        | Reached skill level 21 in Axes
   472 | D        | Killed a green ugly thing
   472 | D        | Gained mutation: Armour fits poorly on your strangely
                  | shaped body. [a shining eye]
   473 | D        | Killed a shining eye
   474 | D        | Reached skill level 22 in Axes
   478 | D        | Got the amulet of Porurr {Acrobat Harm SInv}
   482 | D        | Got the ring of Yjigyhik {rC+ EV+4 Dex+4}
   487 | D        | Entered arena 10.
   487 | D        | Noticed a wolf spider
   488 | D        | Found a transporter.
   494 | D        | Killed a wolf spider
   495 | D        | Reached skill level 23 in Axes
   495 | D        | Reached XP level 10. HP: 73/76 MP: 10/10
   496 | D        | Gained mutation: You cannot study or cast Fire magic. [Ru
                  | sacrifice]
   496 | D        | Gained mutation: You cannot study or cast Transmutations
                  | magic. [Ru sacrifice]
   496 | D        | Gained mutation: You cannot study or cast Necromancy magic.
                  | [Ru sacrifice]
   496 | D        | Reached *** piety under Ru
   507 | D        | Entered arena 11.
   508 | D        | Found a transporter.
   528 | D        | Entered arena 12.
   528 | D        | Noticed a necromancer
   528 | D        | Noticed a skeletal warrior
   529 | D        | Noticed a lich
   529 | D        | Noticed a vampire mage
   530 | D        | Found a transporter.
   533 | D        | Killed a necromancer
   534 | D        | Reached skill level 24 in Axes
   536 | D        | Killed a skeletal warrior
   539 | D        | Killed a lich
   540 | D        | Reached skill level 25 in Axes
   542 | D        | Killed a vampire mage
   552 | D        | Entered arena 13.
   552 | D        | Noticed a pharaoh ant
   552 | D        | Noticed a steelbarb worm
   552 | D        | Noticed an emperor scorpion
   552 | D        | Noticed a steelbarb worm
   552 | D        | Noticed a steelbarb worm
   553 | D        | Noticed a wolf spider
   553 | D        | Noticed a boulder beetle
   554 | D        | Found a transporter.
   557 | D        | Killed a pharaoh ant
   558 | D        | Reached skill level 26 in Axes
   562 | D        | Killed a steelbarb worm
   562 | D        | Killed a wolf spider
   563 | D        | Reached XP level 11. HP: 44/81 MP: 5/11
   565 | D        | Killed a steelbarb worm
   567 | D        | Killed a steelbarb worm
   568 | D        | Reached skill level 27 in Axes
   568 | D        | Reached skill level 1 in Armour
   568 | D        | Reached skill level 1 in Shields
   568 | D        | Reached skill level 1 in Evocations
   571 | D        | Killed an emperor scorpion
   572 | D        | Reached skill level 5 in Dodging
   578 | D        | Killed a boulder beetle
   810 | D        | Reached XP level 12. HP: 91/91 MP: 12/12
   811 | D        | Entered arena 14.
   812 | D        | Noticed a lich
   812 | D        | Noticed a vampire knight
   813 | D        | Noticed a vampire knight
   813 | D        | Identified the +7 scimitar of Launy {vorpal, rElec rF- rN+
                  | Dex+3}
   813 | D        | Noticed a vampire knight
   816 | D        | Found a transporter.
   820 | D        | Reached skill level 5 in Shields
   823 | D        | Killed a lich
   824 | D        | Reached skill level 5 in Armour
   824 | D        | Reached skill level 5 in Evocations
   830 | D        | Killed a vampire knight
   830 | D        | Killed a vampire knight
   833 | D        | Killed a vampire knight
   850 | D        | Got the Lessons on the Vile Tempest
  1056 | D        | Gained mutation: You take slightly more damage. (AC -5) [Ru
                  | sacrifice]
  1056 | D        | Reached **** piety under Ru
  1056 | D        | Reached ***** piety under Ru
  1114 | D        | Entered arena 15.
  1117 | D        | Found a transporter.
  1239 | D        | Entered arena 16.
  1240 | D        | Noticed a blizzard demon
  1240 | D        | Found the ring of the Hare {EV+8}
  1240 | D        | Noticed a blizzard demon
  1240 | D        | Noticed a frost giant
  1241 | D        | Noticed a frost giant
  1242 | D        | Found a transporter.
  1244 | D        | Reached skill level 10 in Fighting
  1245 | D        | Reached XP level 13. HP: 85/103 MP: 10/13
  1250 | D        | Reached skill level 10 in Shields
  1251 | D        | Killed a frost giant
  1256 | D        | Gained mutation: You are somewhat unskilled. (-1 Apt) [Ru
                  | sacrifice]
  1256 | D        | Reduced skill Axes to level 25
  1256 | D        | Reduced skill Stealth to level 5
  1257 | D        | Killed a frost giant
  1258 | D        | Reached skill level 10 in Fighting
  1258 | D        | Reached skill level 10 in Shields
  1514 | D        | Entered arena 17.
  1520 | D        | Found a transporter.
  1537 | D        | Reached skill level 10 in Armour
  1537 | D        | Reached skill level 10 in Evocations
  1578 | D        | Got the Writings on the Calescent Salvo
  1767 | D        | Got the ring "Heihemm" {rPois rCorr Str-2 Int+6 Dex+2}
  1798 | D        | Entered arena 18.
  1801 | D        | Noticed a searing wretch
  1801 | D        | Noticed a fire giant
  1801 | D        | Noticed a fire giant
  1801 | D        | Noticed a searing wretch
  1801 | D        | Noticed a searing wretch
  1802 | D        | Noticed a balrug
  1802 | D        | Identified the ring of Timu {rC+ Will+ Int+3}
  1802 | D        | Noticed a balrug
  1802 | D        | HP: 3/106 [salamander tyrant/flame surge (22)]
  1802 | D        | Killed from afar by a hell hog

Illustrated notes

Levels and vault maps discovered:
D:        sprint_v [room_start, room_1, room_2, room_3, room_4, room_5, room_6,
          room_7, room_8, room_9, room_10, room_11, room_12, room_13, room_14,
          room_15, room_16, room_17, room_18, room_19, room_20, room_21,
          room_22, room_23, room_24, room_25, room_26, room_27]

Skill      XL: |  1  2  3  4  5  6  7  8  9 10 11 12 13 |
---------------+----------------------------------------+-----
Fighting       | 5 7 10 11 | 11.4
Axes           | 5 8 9 12 17 23 26 27 25 | 25.1
Dodging        | 4 5 8 9 |  9.7
Stealth        | 6 5 |  5.4
Armour         | 4 8 10 | 10.2
Shields        | 4 9 12 | 12.0
Evocations     | 4 8 10 | 10.2

Action                   |  1- 3 |  4- 6 |  7- 9 | 10-12 | 13-15 || total
-------------------------+-------+-------+-------+-------+-------++-------
Melee: Broad axe         |     2 |     6 |    31 |    69 |    28 ||   136
Invok: Sacrifice Words   |     1 |       |       |       |       ||     1
       Sacrifice Experie |       |       |     1 |       |       ||     1
       Sacrifice Arcana  |       |       |       |     1 |       ||     1
       Sacrifice Health  |       |       |       |     1 |       ||     1
       Apocalypse        |       |       |       |       |     1 ||     1
       Sacrifice Skill   |       |       |       |       |     1 ||     1
Evoke: Box of beasts     |       |     1 |       |       |       ||     1
       Tin of tremorston |       |       |       |     1 |       ||     1
  Use: Potion            |       |       |     1 |     8 |     4 ||    13
       Scroll            |       |       |       |       |     5 ||     5
 Stab: Distracted        |       |       |     1 |     6 |     2 ||     9
       Invisible         |       |       |       |     1 |       ||     1
Armor: Plate armour      |     2 |     3 |    14 |    38 |    11 ||    68
Dodge: Dodged            |       |       |     3 |    14 |     3 ||    20
Block: Kite shield       |     6 |    10 |    39 |   132 |    45 ||   232

Table legend: (Time is in decaauts)
 A = Elapsed time spent in this place.
 B = Non-inter-level travel time spent in this place.
 C = Inter-level travel time spent in this place.
 D = Time resting spent in this place.
 E = Time spent auto-exploring this place.
 F = Levels seen in this place.
 G = Mean time per level.
                   A        B        C        D        E       F      G
               +--------+--------+--------+--------+--------+-----+--------+
         Total |   1779 |   1779 |      0 |   1114 |    119 |   1 | 1779.0 |
       Dungeon |   1779 |   1779 |      0 |   1114 |    119 |   1 | 1779.0 |
               +--------+--------+--------+--------+--------+-----+--------+

Top non-repeatable levels by time:
       D: 1779 daAuts
